 Dungeon Crawl Stone Soup version 0.20.1-1-g8b1a95d (webtiles) character file.

13759 Alcoolistu the Cleaver (level 11, -4/102 HPs)
             Began as a Minotaur Berserker on July 7, 2017.
             Was a High Priest of Trog.
             Slain by a sixfirhy (9 damage)
             ... summoned by an orc high priest
             ... on level 2 of the Orcish Mines.
             The game lasted 00:32:03 (9886 turns).

Alcoolistu the Cleaver (Minotaur Berserker)         Turns: 9886, Time: 00:32:03

Health: -4/102     AC: 14    Str: 18    XL:     11   Next: 79%
Magic:  10/10      EV: 11    Int:  4    God:    Trog [*****.]
Gold:   1036       SH:  9    Dex: 21    Spells: 10/10 levels left

rFire    . . .     SeeInvis .   o - +4 war axe of Seog {venom, Str-4 Dex+8}
rCold    + + +     Gourm    .   q - +1 shield
rNeg     . . .     Faith    .   r - +1 chain mail {rC+}
rPois    .         Spirit   .   (helmet restricted)
rElec    .         Reflect  .   v - +0 cloak
rCorr    .         Harm     .   (no gloves)
MR       .....                  (no boots)
Stlth    ..........             (no amulet)
Regen    0.3/turn               F - ring of protection from cold
MPRegen  0.2/turn               I - ring of protection from cold

@: berserk cooldown
A: retaliatory headbutt, horns 2
a: Berserk, Trog's Hand, Brothers in Arms, Burn Spellbooks, Renounce Religion


You were on level 2 of the Orcish Mines.
You worshipped Trog.
Trog was extremely pleased with you.
You were not hungry.

You visited 2 branches of the dungeon, and saw 11 of its levels.

You collected 1036 gold pieces.

Inventory:

Hand Weapons
 a - a +1 hand axe of chopping
 b - a +3 arbalest of flaming
 o - the +4 war axe of Seog (weapon) {venom, Str-4 Dex+8}
   (You found it on level 9 of the Dungeon)

   It poisons the flesh of those it strikes.
   It affects your strength (-4).
   It affects your dexterity (+8).
Missiles
 d - 21 bolts
Armour
 q - a +1 shield (worn)
 r - a +1 chain mail of cold resistance (worn)
 v - a +0 cloak (worn)
 A - a scarf of cloud immunity
 M - a +0 plate armour
Jewellery
 F - a ring of protection from cold (left hand)
 I - a ring of protection from cold (right hand)
Wands
 C - a wand of lightning (13/15)
 J - a wand of polymorph (14/24)
Scrolls
 f - 9 scrolls of identify
 h - 2 scrolls of enchant armour
 m - 3 scrolls of teleportation
 n - a scroll of enchant weapon
 u - a scroll of recharging
 G - a scroll of fog
Potions
 e - 2 potions of cancellation {unknown}
 i - 4 potions of ambrosia {unknown}
 j - 2 potions of lignification
 p - a potion of invisibility
 s - 3 potions of curing {unknown}
 t - 2 potions of agility {unknown}
Comestibles
 c - 8 bread rations
 g - 3 chunks of flesh
 k - 5 meat rations
 l - 11 royal jellies
 z - a fruit


   Skills:
 + Level 11.2 Fighting
 - Level 13.7 Axes
 + Level 10.6 Armour
 + Level 10.1 Dodging


You had 10 spell levels left.
You didn't know any spells.

Dungeon Overview and Level Annotations

Branches:
Dungeon (9/15)             Temple (0/1) D:4            Lair (0/6) D:8
    Orc (2/2) D:9             Elf (0/3) Orc:2

Altars:
Dithmenos
Sif Muna
Beogh

Shops:
D:6 [   D:8 !   Orc:1 (   Orc:2 [

Annotations:
D:7 Blork the orc
D:8 1 runed door, exclusion: 4 orange crystal statues


Innate Abilities, Weirdness & Mutations

You reflexively headbutt those who attack you in melee.
You have a pair of horns on your head.


Message History

The orc knight is healed somewhat.
Things that are here:
a hand axe; a leather armour The orc high priest prays to Beogh.
You see here a great mace of draining.
The orc high priest mumbles some strange prayers to Beogh.
The orc knight roars a battlecry!
The orc high priest goes into a battle-frenzy!
The sixfirhy hits you but does no damage.
You block the sixfirhy's attack.
The orc warrior no longer looks unusually strong.
The sixfirhy misses you. The sixfirhy closely misses you.
The sixfirhy hits you.
* * * LOW HITPOINT WARNING * * *
The sixfirhy shocks you!
* * * LOW HITPOINT WARNING * * *
The sixfirhy hits you.
* * * LOW HITPOINT WARNING * * *
The sixfirhy shocks you!
You die...

#............# #.)...#
##.#.........### ##)....#
###........[[.####oo..###
#.............#..4.....#
##..............(4#.....#
###..........o...##...##
#.....[[[#....## #...#
##......[.#3..## #.##
#......#..@...# ##.# ##
##.....#..##.## #.######.
###......#### #....##..
##.......## ###...###..
##..))....####......#...
##..........##..........#
###...[[[.....#..........#.
#......<[................#.
#.....#.#.........#####....


You could see an orc knight, an orc high priest, a hellwing, an ice devil, a
sixfirhy and an orc warrior.

Vanquished Creatures
  An orc warlord (Orc:2)
  A two-headed ogre (D:7)
  A death yak (D:8)
  3 orc knights (Orc:2)
  3 orc sorcerers
  Joseph (D:9)
  2 trolls (Orc:2)
  2 hippogriffs
  Prince Ribbit (D:7)
  Grinder (D:5)
  4 hogs (D:8)
  A human (D:8)
  A basilisk (D:8)
  2 wargs
  The ghost of Chifra the Chiller, an amateur DEIE (D:3)
  Duvessa (D:5)
  A water moccasin (D:9)
  21 orc warriors
  2 sky beasts
  2 black bears
  3 ice beasts
  A phantom (D:9)
  7 ogres
  3 centaurs
  A crocodile (D:8)
  3 big kobolds
  4 bullfrogs
  Dowan (D:5)
  A scorpion (D:8)
  A howler monkey (D:4)
  4 crimson imps
  A quasit (D:6)
  6 hounds
  11 orc priests
  Crazy Yiuf (D:2)
  A jelly (D:5)
  A bullfrog zombie (D:6)
  2 iguanas
  22 orc wizards
  A bullfrog skeleton (D:6)
  7 worker ants
  A killer bee zombie (D:6)
  A hound zombie (D:7)
  A howler monkey skeleton (D:9)
  14 adders
  2 adder skeletons
  2 worms (D:3)
  3 dart slugs
  3 leopard geckos
  65 orcs
  5 ball pythons
  5 giant cockroaches
  5 goblins
  9 hobgoblins
  5 jackals
  25 kobolds
  3 quokkas
  6 bats
  6 frilled lizards
  A giant cockroach zombie (D:6)
  A jackal skeleton (D:5)
  A leopard gecko zombie (D:7)
  2 quokka skeletons
  4 rats
  A fungus (D:8)
305 creatures vanquished.

Notes
Turn   | Place    | Note
-------+----------+-------------------------------------------
     0 | D:1      | Alcoolistu the Minotaur Berserker began the quest for the Orb.
     0 | D:1      | Reached XP level 1. HP: 19/19 MP: 0/0
    75 | D:1      | Reached skill level 4 in Axes
   233 | D:1      | Reached XP level 2. HP: 27/27 MP: 1/1
   813 | D:2      | You fall through a shaft for 2 floors!
   813 | D:4      | Noticed a black bear
   821 | D:4      | Killed a black bear
   821 | D:4      | Reached skill level 5 in Axes
   821 | D:4      | Reached XP level 3. HP: 34/34 MP: 2/2
   821 | D:4      | Reached XP level 4. HP: 41/41 MP: 3/3
   838 | D:4      | Reached XP level 5. HP: 27/47 MP: 4/4
   874 | D:4      | Reached ** piety under Trog
   937 | D:4      | Found a staircase to the Ecumenical Temple.
   988 | D:4      | Reached skill level 5 in Fighting
  1002 | D:4      | Reached XP level 6. HP: 43/56 MP: 5/5
  1176 | D:3      | Noticed Chifra's ghost (amateur DEIE)
  1184 | D:3      | Killed Chifra's ghost
  1184 | D:3      | Reached skill level 6 in Axes
  1460 | D:3      | Found a faded altar of an unknown god.
  1705 | D:2      | Reached XP level 7. HP: 61/61 MP: 6/6
  1914 | D:2      | Found a runed door.
  1996 | D:2      | Reached *** piety under Trog
  2501 | D:2      | Noticed Crazy Yiuf
  2506 | D:2      | Killed Crazy Yiuf
  2801 | D:4      | Reached skill level 7 in Axes
  2907 | D:4      | Found a shadowy altar of Dithmenos.
  2968 | D:5      | Entered Level 5 of the Dungeon
  3020 | D:5      | Reached skill level 5 in Armour
  3021 | D:5      | Noticed Grinder
  3031 | D:5      | Paralysed by Grinder for 2 turns
  3035 | D:5      | Killed Grinder
  3035 | D:5      | Reached skill level 5 in Dodging
  3035 | D:5      | Reached XP level 8. HP: 42/70 MP: 7/7
  3186 | D:5      | Reached skill level 8 in Axes
  3196 | D:5      | Noticed Dowan
  3197 | D:5      | Noticed Duvessa
  3217 | D:5      | Killed Duvessa
  3226 | D:5      | Killed Dowan
  3239 | D:5      | Reached **** piety under Trog
  3695 | D:6      | Reached skill level 9 in Axes
  3904 | D:6      | Found Roceh's Antique Armour Shop.
  3919 | D:6      | You fall through a shaft for 3 floors!
  4018 | D:9      | Got an ancient war axe
  4019 | D:9      | Identified the +4 war axe of Seog {venom, Str-4 Dex+8} (You found it on level 9 of the Dungeon)
  4099 | D:9      | Found a staircase to the Orcish Mines.
  4102 | D:9      | Noticed Joseph
  4108 | D:9      | Noticed a hippogriff
  4110 | D:9      | Reached XP level 9. HP: 75/79 MP: 8/8
  4118 | D:9      | Killed Joseph
  4118 | D:9      | Reached skill level 10 in Axes
  4421 | D:7      | Noticed Prince Ribbit
  4426 | D:7      | Killed Prince Ribbit
  4443 | D:7      | Noticed Blork the orc
  4461 | D:7      | Found a deep blue altar of Sif Muna.
  4674 | D:7      | Reached skill level 11 in Axes
  4790 | D:7      | Noticed a two-headed ogre
  4795 | D:7      | Killed a two-headed ogre
  4795 | D:7      | Reached XP level 10. HP: 90/90 MP: 9/9
  4802 | D:7      | Reached ***** piety under Trog
  5649 | D:8      | Found a staircase to the Lair.
  5649 | D:8      | Noticed a death yak
  5671 | D:8      | Killed a death yak
  5671 | D:8      | Reached skill level 12 in Axes
  6200 | D:8      | Found Uzoonn's Distillery.
  6220 | D:8      | Found a runed door.
  6238 | D:8      | Noticed an orange crystal statue
  6238 | D:8      | Noticed an orange crystal statue
  6238 | D:8      | Noticed an orange crystal statue
  6238 | D:8      | Noticed an orange crystal statue
  6294 | D:8      | Found a runed door.
  7010 | D:9      | Received a gift from Trog
  7113 | Orc:1    | Entered Level 1 of the Orcish Mines
  7113 | Orc:1    | Found a roughly hewn altar of Beogh.
  7113 | Orc:1    | Noticed an orc sorcerer
  7121 | Orc:1    | Killed an orc sorcerer
  7538 | Orc:1    | Found Ginn's Weapon Boutique.
  7553 | Orc:1    | Reached skill level 13 in Axes
  7569 | Orc:1    | Reached XP level 11. HP: 91/99 MP: 10/10
  8038 | Orc:2    | Entered Level 2 of the Orcish Mines
  8072 | Orc:2    | Reached skill level 10 in Fighting
  8081 | Orc:2    | Found a staircase to the Elven Halls.
  8180 | Orc:2    | Found Bualeulu's Antique Armour Boutique.
  8188 | Orc:2    | Noticed an orc knight
  8419 | Orc:2    | Killed an orc knight
  8799 | Orc:2    | Noticed an orc sorcerer
  8800 | Orc:2    | Noticed an orc warlord
  8804 | Orc:2    | Killed an orc sorcerer
  8809 | Orc:2    | Noticed an orc knight
  8814 | Orc:2    | Noticed an orc knight
  9410 | Orc:2    | Received a gift from Trog
  9566 | Orc:2    | Noticed an orc knight
  9574 | Orc:2    | Killed an orc warlord
  9574 | Orc:2    | Reached skill level 10 in Armour
  9580 | Orc:2    | Noticed an orc sorcerer
  9580 | Orc:2    | Killed an orc knight
  9637 | Orc:2    | Killed an orc sorcerer
  9637 | Orc:2    | Reached skill level 10 in Dodging
  9844 | Orc:2    | Killed an orc knight
  9868 | Orc:2    | Found a roughly hewn altar of Beogh.
  9872 | Orc:2    | Noticed an orc high priest
  9881 | Orc:2    | Noticed a sixfirhy
  9886 | Orc:2    | HP: 5/102 [sixfirhy[an orc high priest] (5)]
  9886 | Orc:2    | Slain by a sixfirhy

Skill      XL: |  1  2  3  4  5  6  7  8  9 10 11 |
---------------+----------------------------------+-----
Axes           | 4 5 6 7 9 11 13 | 13.7
Fighting       | 4 5 6 7 8 9 11 | 11.2
Armour         | 3 4 5 6 7 9 10 | 10.6
Dodging        | 3 4 5 6 7 8 10 | 10.1

Action                   |  1- 3 |  4- 6 |  7- 9 | 10-12 || total
-------------------------+-------+-------+-------+-------++-------
Melee: Hand axe          |    42 |    88 |   229 |       ||   359
       Headbutt          |     6 |    19 |    60 |    94 ||   179
       War axe           |       |       |    77 |   310 ||   387
 Fire: Arbalest          |       |       |       |    11 ||    11
Invok: Berserk           |     1 |     2 |     5 |     9 ||    17
       Burn Spellbooks   |       |     1 |       |     1 ||     2
  Use: Scroll            |       |       |    11 |     8 ||    19
       Potion            |       |       |       |     7 ||     7
  Eat: Chunk             |       |     5 |    14 |    25 ||    44
Armor: Animal skin       |     3 |       |       |       ||     3
       Chain mail        |    16 |    68 |   148 |    89 ||   321
       Plate armour      |       |       |       |    45 ||    45
Dodge: Dodged            |    17 |    41 |   141 |    97 ||   296
Block: Shield            |       |       |       |   100 ||   100
